 Dungeon Crawl Stone Soup version 0.24.0-37-gcf1ca852f1 (webtiles) character file.

Game seed: 3495467202079313677, levelgen mode: deterministic

152149 Freitmort the Eclecticist (level 17, -6/84 HPs)
             Began as a Deep Elf Fire Elementalist on Nov 12, 2019.
             Was the Champion of Vehumet.
             Mangled by a +1 halberd of protection (8 damage)
             ... on level 2 of the Elven Halls on Nov 29, 2019.
             The game lasted 04:54:04 (36684 turns).

Freitmort the Eclecticist (DEFE)                   Turns: 36684, Time: 04:54:04

Health: -6/84      AC: 14    Str:  9    XL:     17   Next: 2%
Magic:  26/43      EV: 15    Int: 26    God:    Vehumet [******]
Gold:   1494       SH:  0    Dex: 15    Spells: 3/57 levels left

rFire    + . .     SeeInvis .   Y - +9 rapier of Gravity {drain, rPois rC+ Stlth+}
rCold    . . .     Gourm    .   (no shield)
rNeg     + . .     Faith    .   H - +2 robe {MR+}
rPois    +         Spirit   .   (no helmet)
rElec    +         Reflect  .   t - +1 cloak {MR+}
rCorr    .         Harm     .   n - +2 pair of gloves
MR       +++..                  o - +1 pair of boots "Miemm" {rElec rN+ Str+2}
Stlth    ++++......             D - amulet of magic regeneration
HPRegen  0.24/turn              e - +3 ring of protection
MPRegen  0.53/turn              l - ring of fire

@: about to teleport
A: no striking features
a: Renounce Religion


You were on level 2 of the Elven Halls.
You worshipped Vehumet.
Vehumet was exalted by your worship.
You were hungry.

You visited 5 branches of the dungeon, and saw 26 of its levels.
You also visited: Bailey and Volcano.

You collected 3509 gold pieces.
You spent 2015 gold pieces at shops.

Inventory:

Hand Weapons
 d - the +6 long sword of Nemelex Xobeh's Hatred {pain, +Inv +Fly rC- Str+4}
   (You took it off a deep elf mage on level 2 of the Elven Halls)

   In the hands of one skilled in necromantic magic, it inflicts extra damage on
   living creatures.
   It affects your strength (+4).
   It makes you vulnerable to cold.
   It lets you turn invisible.
   It lets you fly.
 Y - the +9 rapier of Gravity (weapon) {drain, rPois rC+ Stlth+}
   (You found it on level 6 of the Lair of Beasts)

   A truly terrible weapon, it drains the life of those it strikes.
   It protects you from cold.
   It protects you from poison.
   It makes you more stealthy.
Armour
 j - a +1 pair of gloves of archery
 n - a +2 pair of gloves (worn)
 o - the +1 pair of boots "Miemm" (worn) {rElec rN+ Str+2}
   (You bought it in a shop on level 2 of the Orcish Mines)

   It affects your strength (+2).
   It insulates you from electricity.
   It protects you from negative energy.
 s - a scarf of cloud immunity
 t - a +1 cloak of magic resistance (worn)
 v - a +1 robe of positive energy
 z - a +2 robe of cold resistance
 H - a +2 robe of magic resistance (worn)
Jewellery
 e - a +3 ring of protection (left hand)
 l - a ring of fire (right hand)
 D - an amulet of magic regeneration (around neck)
 R - the ring "Noscho" {rC+ Dex+4 Stlth+}
   (You found it on level 11 of the Dungeon)

   [ring of stealth]

   It affects your dexterity (+4).
   It protects you from cold.
   It makes you more stealthy.
Wands
 h - a wand of iceblast (9)
 I - a wand of disintegration (17)
Scrolls
 a - a scroll of amnesia
 i - a scroll of summoning
 u - 3 scrolls of magic mapping
 w - 10 scrolls of remove curse
 x - 2 scrolls of fear
 E - 3 scrolls of identify
 U - 2 scrolls of fog
 V - 5 scrolls of teleportation
Potions
 b - a potion of magic
 g - 5 potions of curing
 m - 4 potions of invisibility
 p - 4 potions of haste
 q - 5 potions of flight
 B - 4 potions of brilliance
 L - 3 potions of heal wounds
Miscellaneous
 A - a lightning rod (4/4)
 M - a lamp of fire
 P - a phial of floods
Comestibles
 c - 37 rations


   Skills:
 + Level 1.8 Fighting
 + Level 2.7 Short Blades
   Level 0.7(0.9) Polearms
   Level 1.0(1.3) Staves
 + Level 1.3 Throwing
 + Level 0.8 Armour
 + Level 5.6 Dodging
 + Level 6.4 Stealth
 + Level 0.8 Unarmed Combat
 + Level 20.9 Spellcasting
 + Level 15.7 Conjurations
 + Level 14.2 Fire Magic
 + Level 6.3 Ice Magic
 + Level 5.3 Air Magic
 + Level 8.1 Earth Magic
   Level 7.6 Poison Magic
 + Level 2.7 Evocations


You had 3 spell levels left.
You knew the following spells:

 Your Spells              Type           Power        Failure   Level  Hunger
a - Flame Tongue          Conj/Fire      #####        0%          1    None
b - Throw Flame           Conj/Fire      ######       0%          2    None
c - Conjure Flame         Conj/Fire      ########     0%          3    None
d - Magic Dart            Conj           ####         0%          1    None
e - Bolt of Fire          Conj/Fire      ########..   1%          6    #......
f - Fireball              Conj/Fire      ########..   1%          5    None
g - Freeze                Ice            ####         1%          1    None
h - Throw Frost           Conj/Ice       ######       1%          2    None
i - Sticky Flame          Conj/Fire      ########     1%          4    None
j - Stone Arrow           Conj/Erth      ######       1%          3    None
k - Airstrike             Air            ######....   1%          4    None
l - Lee's Rapid Deconstr  Erth           ######....   1%          5    None
m - Bolt of Magma         Conj/Fire/Erth #######...   1%          5    None
n - Iron Shot             Conj/Erth      ######....   1%          6    #......
o - Bolt of Cold          Conj/Ice       ######....   1%          6    #......

Your spell library contained the following spells:

 Spells                   Type           Power        Failure   Level  Hunger
 Animate Skeleton         Necr           N/A          1%          1    None
 Apportation              Tloc           ####..       1%          1    None
 Confusing Touch          Hex            ####..       1%          1    None
 Corona                   Hex            ####...      1%          1    None
 Pain                     Necr           ####         1%          1    None
 Sandblast                Erth           ######       1%          1    None
 Summon Small Mammal      Summ           ####         1%          1    None
 Passwall                 Tmut/Erth      #####...     1%          2    None
 Ignite Poison            Fire/Tmut/Pois #######.     1%          3    None
 Inner Flame              Hex/Fire       #######.     1%          3    None
 Mephitic Cloud           Conj/Pois/Air  ######..     1%          3    None
 Blink                    Tloc           N/A          2%          2    None
 Call Imp                 Summ           ####....     2%          2    None
 Slow                     Hex            ####....     2%          2    None
 Sticks to Snakes         Tmut           ####....     2%          2    None
 Recall                   Summ/Tloc      N/A          4%          3    None
 Regeneration             Chrm/Necr      ####......   4%          3    None
 Vampiric Draining        Necr           ####......   4%          3    None
 Force Lance              Conj/Tloc      ######..     1%          4    None
 Poison Arrow             Conj/Pois      ######....   1%          6    #......
 Leda's Liquefaction      Hex/Erth       #####.....   2%          4    None
 Petrify                  Tmut/Erth      #####...     2%          4    None
 Borgnjor's Vile Clutch   Necr/Erth      #####.....   8%          5    None
 Metabolic Englaciation   Hex/Ice        #####.....   12%         5    None
 Animate Dead             Necr           N/A          16%         4    None
 Passage of Golubria      Tloc           N/A          16%         4    None
 Lehudib's Crystal Spear  Conj/Erth      ######....   19%         8    ######.
 Chain Lightning          Conj/Air       ######....   32%         8    ######.
 Blade Hands              Tmut           ####......   38%         5    None
 Dispel Undead            Necr           ####....     38%         5    None
 Summon Forest            Summ/Tloc      ####......   38%         5    None
 Statue Form              Tmut/Erth      #####....    41%         6    #......
 Simulacrum               Ice/Necr       #####.....   54%         6    #......
 Fire Storm               Conj/Fire      ########..   58%         9    #######
 Death Channel            Necr           ####......   93%         6    #......
 Invisibility             Hex            ####....     93%         6    #......
 Glaciate                 Conj/Ice       ######....   97%         9    #######
 Malign Gateway           Summ/Tloc      ####......   100%        7    ####...
 Shatter                  Erth           ######....   100%        9    #######


Dungeon Overview and Level Annotations

Branches:
Dungeon (15/15)            Temple (1/1) D:4            Lair (6/6) D:10
  Swamp (0/4) Lair:2        Snake (0/4) Lair:4        Slime (0/5) Lair:5
    Orc (2/2) D:10            Elf (2/3) Orc:2        Vaults (0/5) D:13
 Depths (0/5) D:15         Bailey (visited)         Volcano (visited)

Altars:
Ashenzari
Cheibriados
Dithmenos
Elyvilon
Fedhas
Gozag
Hepliaklqana
Kikubaaqudgha
Makhleb
Nemelex Xobeh
Okawaru
Qazlal
Ru
Sif Muna
Trog
Uskayaw
Vehumet
Wu Jian
Xom
Yredelemnul
Zin
The Shining One
Beogh

Shops:
D:6 %   D:9 :   Orc:1 (   Orc:2 [[:[(   Elf:1 ![?([   Elf:2 ?

Portals:
Hell: Lair:6

Annotations:
D:3 1 runed translucent door, Crazy Yiuf
D:6 3 runed translucent doors, pantherbaby's ghost, amateur MiBe
D:8 4 runed translucent doors
D:15 3 exclusions
Lair:1 2 runed translucent doors, Emblim88's ghost, journeyman DDNe
Elf:1 6 runed translucent doors


Message History

You kill the deep elf knight!
Vehumet accepts your kill.
You feel your power returning.
The fireball engulfs the +2 antimagic battleaxe.
The +2 antimagic battleaxe resists.
The +2 antimagic battleaxe is lightly damaged.
You hear a shout!
A deep elf mage comes into view. It is wielding a +0 short sword.
The deep elf mage gestures wildly while chanting.
The deep elf mage blinks!
As you read the scroll of teleportation, it crumbles to dust.
You feel strangely unstable.
The +1 halberd of protection hits you from afar!
The +2 antimagic battleaxe hits you!
You feel your power leaking away.
The deep elf mage points at you and mumbles some strange words.
The shard of ice hits you!!
* * * LOW HITPOINT WARNING * * *
The +1 halberd of protection hits you from afar!
You die...

............)...##
####...
e................##
####
.............#...##
#..........)###...## ##
##..e......## ##...# #.
.###...........###...##
#.
..#.............#e..##
##
....................##
#
..........(.((@......#
#
............(.........#
.........#...........##
......).###.........##
........###.........#
.........#...........#
......................
.....................#
........)(........


You could see 2 deep elf magi and 4 dancing weapons.

Vanquished Creatures
  Rupert (D:13)
  Roxanne (Elf:1)
  An iron dragon (Elf:1)
  A very ugly thing (D:15)
  2 deep elf demonologists (Elf:1)
  Josephine (Lair:4)
  3 deep elf high priests (Elf:1)
  Fannar (D:12)
  9 hydras
  3 centaur warriors (D:15)
  11 two-headed ogres
  An anaconda (shapeshifter) (Elf:1)
  9 dancing weapons
  A tengu warrior (D:14)
  7 orc high priests (Orc:2)
  Urug (Lair:5)
  9 deep elf knights
  Nergalle (D:12)
  A fire crab (Lair:6)
  A sixfirhy (Lair:6)
  3 unseen horrors
  5 deep elf archers
  2 wizards
  4 oklob plants (Lair:6)
  A wolf spider zombie (D:15)
  An orc knight (Orc:2)
  3 orc sorcerers
  36 deep elf magi
  3 ugly things
  3 cyclopes
  A manticore (D:11)
  5 elephants (Lair:3)
  A guardian serpent (shapeshifter) (D:13)
  7 black mambas
  2 orange demons (Lair:6)
  A smoke demon (Lair:6)
  9 spiny frogs
  2 efreet
  3 rime drakes (Lair:6)
  4 komodo dragons
  4 ice devils (Lair:6)
  A kobold demonologist (D:11)
  A komodo dragon (shapeshifter) (D:13)
  3 meliai (Lair:5)
  A queen bee (Lair:5)
  A jumping spider (shapeshifter) (D:7)
  2 polar bears (Lair:6)
  15 trolls
  9 blink frogs
  A meliai zombie (D:12)
  4 dream sheep (Lair:5)
  12 slime creatures
  19 hippogriffs
  2 air elementals
  2 shadows
  A water elemental (Elf:2)
  6 wyverns
  A vampire (D:12)
  A tarantella (shapeshifter) (Elf:2)
  5 wraiths
  13 basilisks
  4 hogs (D:8)
  29 yaks
  4 vampire mosquitoes (D:14)
  A basilisk (shapeshifter) (D:14)
  2 fire elementals
  A human (D:8)
  A hungry ghost (D:11)
  2 steam dragons
  9 wargs (Orc:2)
  4 insubstantial wisps (Lair:2)
  3 nagas (Lair:4)
  2 acid dragons
  6 porcupines
  2 soldier ants
  A swamp worm (shapeshifter) (Elf:2)
  14 water moccasins
  5 hell hounds (Lair:6)
  16 orc warriors
  4 sky beasts
  2 black bears (Lair:5)
  A hornet zombie (D:15)
  2 phantoms
  2 necrophages
  8 ogres
  An eye of draining (D:15)
  3 ice beasts
  26 centaurs
  15 crocodiles
  2 big kobolds
  Blork the orc (D:6)
  14 bullfrogs
  A wyvern zombie (D:8)
  9 gnoll sergeants
  A water moccasin zombie (D:7)
  An earth elemental (Elf:1)
  5 scorpions
  29 killer bees
  15 wights
  5 howler monkeys
  8 crimson imps
  4 centaur zombies
  10 hounds
  A lava snake (D:14)
  38 orc priests
  2 bullfrog skeletons
  2 jellies (Lair:5)
  7 gnoll shamans
  3 centaur skeletons
  5 iguanas
  18 orc wizards
  17 worker ants
  A killer bee zombie (D:10)
  2 hound zombies
  2 hound skeletons
  A howler monkey zombie (D:11)
  3 worker ant zombies
  24 gnolls
  14 adders
  8 shadow imps
  3 oozes (Lair:5)
  An adder zombie (D:5)
  3 worms
  2 dart slugs
  6 leopard geckos
  87 orcs
  6 giant cockroaches
  6 goblins
  5 hobgoblins
  16 jackals
  11 kobolds
  2 quokkas
  A ball python (D:1)
  8 bats
  4 frilled lizards
  2 gnoll zombies (D:5)
  A jackal skeleton (D:4)
  A leopard gecko skeleton (D:4)
  5 rats
858 creatures vanquished.

Vanquished Creatures (others)
  3 orcs (D:3)
  6 fungi
  14 plants
23 creatures vanquished.

Grand Total: 881 creatures vanquished

Notes
Turn   | Place    | Note
-------+----------+-------------------------------------------
     0 | D:1      | Freitmort the Deep Elf Fire Elementalist began the quest
                  | for the Orb.
     0 | D:1      | Reached XP level 1. HP: 10/10 MP: 6/6
   388 | D:1      | Reached XP level 2. HP: 15/15 MP: 5/8
  1083 | D:2      | Found a shattered altar of Ashenzari.
  1109 | D:2      | Learned a level 2 spell: Throw Flame
  1118 | D:2      | Reached XP level 3. HP: 19/19 MP: 3/10
  1681 | D:1      | Reached skill level 4 in Spellcasting
  1756 | D:2      | Learned a level 3 spell: Conjure Flame
  1868 | D:2      | Reached XP level 4. HP: 24/24 MP: 6/12
  2045 | D:2      | Learned a level 1 spell: Magic Dart
  2049 | D:2      | Learned a level 3 spell: Mephitic Cloud
  2342 | D:3      | Found a hazy altar of Hepliaklqana.
  2530 | D:3      | Reached skill level 1 in Air Magic
  2530 | D:3      | Reached skill level 1 in Poison Magic
  2673 | D:3      | Reached XP level 5. HP: 28/28 MP: 8/13
  2780 | D:3      | Found a hide-covered altar of Uskayaw.
  2780 | D:3      | Noticed a +3 hand axe
  2782 | D:3      | Noticed a +0 dagger
  2839 | D:3      | Found a radiant altar of Vehumet.
  3125 | D:3      | Became a worshipper of Vehumet
  3523 | D:3      | Found a runed translucent door.
  3524 | D:3      | Noticed Crazy Yiuf
  4016 | D:4      | Reached XP level 6. HP: 32/32 MP: 4/15
  4277 | D:4      | Found a staircase to the Ecumenical Temple.
  4284 | Temple   | Entered the Ecumenical Temple
  4475 | D:4      | Reached skill level 5 in Spellcasting
  4653 | D:4      | Found a bloodstained altar of Trog.
  4739 | D:4      | Found an iron altar of Okawaru.
  4980 | D:5      | Entered Level 5 of the Dungeon
  5108 | D:5      | Reached XP level 7. HP: 36/36 MP: 10/17
  5115 | D:5      | Reached * piety under Vehumet
  5115 | D:5      | Offered knowledge of Freeze by Vehumet.
  5324 | D:5      | Reached skill level 1 in Evocations
  5565 | D:5      | Reached skill level 6 in Spellcasting
  5565 | D:5      | Reached skill level 5 in Fire Magic
  6313 | D:5      | Found a basalt altar of Yredelemnul.
  6517 | D:6      | Reached skill level 5 in Conjurations
  6817 | D:5      | Learned a level 5 spell: Fireball
  6819 | D:5      | Learned a level 1 spell: Freeze
  7051 | D:6      | Reached XP level 8. HP: 41/41 MP: 14/19
  7143 | D:6      | Reached skill level 1 in Short Blades
  7189 | D:6      | Found a runed translucent gate.
  7189 | D:6      | Found a runed translucent gate.
  7189 | D:6      | Found a runed translucent gate.
  7189 | D:6      | Noticed pantherbaby's ghost (amateur MiBe)
  7273 | D:6      | Noticed Blork the orc
  7289 | D:6      | Killed Blork the orc
  7356 | D:6      | Reached skill level 7 in Spellcasting
  7385 | D:6      | Reached skill level 1 in Ice Magic
  7750 | D:6      | Upgraded the game from 0.24.0-28-g17ded55e90 to
                  | 0.24.0-29-g8ce449bc06
  7895 | D:6      | Reached skill level 8 in Spellcasting
  8075 | D:6      | Found Heinan's Food Emporium.
  8213 | D:6      | Reached ** piety under Vehumet
  8426 | D:6      | Offered knowledge of Throw Frost by Vehumet.
  8430 | D:6      | Learned a level 2 spell: Throw Frost
  8435 | D:6      | Learned a level 4 spell: Sticky Flame
  8791 | D:7      | Found a sparkling altar of Nemelex Xobeh.
  8943 | D:7      | Reached XP level 9. HP: 46/46 MP: 16/23
  9328 | D:7      | Found an opulent altar of Gozag.
  9513 | D:7      | Noticed a jumping spider
  9513 | D:7      | a spriggan changed into a jumping spider
  9514 | D:7      | Killed a jumping spider
  9514 | D:7      | Reached skill level 9 in Spellcasting
  9664 | D:7      | Noticed an unseen horror
  9667 | D:7      | Killed an unseen horror
 10353 | D:8      | Reached skill level 10 in Spellcasting
 10397 | D:8      | Found a shadowy altar of Dithmenos.
 10563 | D:8      | Found an ornate altar of the Wu Jian Council.
 10583 | D:8      | Found a sacrificial altar of Ru.
 10983 | D:8      | Offered knowledge of Ignite Poison by Vehumet.
 10983 | D:8      | Reached skill level 5 in Ice Magic
 10983 | D:8      | Reached XP level 10. HP: 51/51 MP: 12/26
 11130 | D:8      | Found a large runed translucent door.
 11130 | D:8      | Found a large runed translucent door.
 11130 | D:8      | Noticed a centaur warrior
 11134 | D:8      | Found a large runed translucent door.
 11134 | D:8      | Found a large runed translucent door.
 11138 | D:8      | Found the brooch of Shielding {Reflect SH+8}
 11297 | D:8      | Reached *** piety under Vehumet
 11374 | D:8      | Identified the Disquisition on Orientation and Moulding
 11716 | D:9      | Found a snail-covered altar of Cheibriados.
 11731 | D:9      | Offered knowledge of Stone Arrow by Vehumet.
 11736 | D:9      | Learned a level 3 spell: Stone Arrow
 11960 | D:9      | Found Butiyff's Book Boutique.
 12018 | D:9      | Found a blossoming altar of Fedhas.
 12100 | D:9      | Reached skill level 1 in Earth Magic
 12467 | D:9      | Noticed a two-headed ogre
 12555 | D:9      | Reached **** piety under Vehumet
 12687 | D:9      | Killed a two-headed ogre
 12687 | D:9      | Reached skill level 11 in Spellcasting
 12846 | D:9      | Identified Lukloufy's Grimoire of the Compass and Black
                  | Rituals
 12952 | D:10     | Entered Level 10 of the Dungeon
 13193 | D:10     | Reached XP level 11. HP: 55/55 MP: 20/28
 13193 | D:10     | Reached skill level 5 in Poison Magic
 13272 | D:10     | Offered knowledge of Airstrike by Vehumet.
 13336 | D:10     | Found a staircase to the Lair.
 13353 | D:10     | Found a staircase to the Orcish Mines.
 13404 | D:10     | Learned a level 4 spell: Airstrike
 13629 | D:10     | Found an iron altar of Okawaru.
 13890 | D:11     | Noticed a five-headed hydra
 14354 | D:11     | Killed a five-headed hydra
 14689 | D:11     | Reached skill level 12 in Spellcasting
 14690 | D:11     | Reached skill level 10 in Conjurations
 14767 | D:11     | Identified the +5 glaive "Iklalur" {chop, *Rage +Inv rPois
                  | rF++}
 15042 | D:11     | Noticed a red ugly thing
 15080 | D:11     | Killed a red ugly thing
 15358 | D:11     | Got an ancient copper ring
 15500 | D:11     | Learned a level 5 spell: Lee's Rapid Deconstruction
 15642 | D:10     | Upgraded the game from 0.24.0-29-g8ce449bc06 to
                  | 0.24.0-35-gdb84b6a5db
 15663 | Lair:1   | Entered Level 1 of the Lair of Beasts
 16074 | D:10     | Identified the ring "Noscho" {rC+ Dex+4 Stlth+} (You found
                  | it on level 11 of the Dungeon)
 16611 | Lair:1   | Reached skill level 1 in Fighting
 16611 | Lair:1   | Reached XP level 12. HP: 60/60 MP: 15/30
 16681 | Lair:1   | Found a large runed translucent door.
 16681 | Lair:1   | Found a large runed translucent door.
 16817 | Lair:1   | Noticed Emblim88's ghost (journeyman DDNe)
 17401 | Lair:2   | Reached skill level 13 in Spellcasting
 17528 | Lair:2   | Found a staircase to the Swamp.
 17673 | Lair:2   | Reached skill level 5 in Stealth
 17881 | Lair:2   | Reached skill level 5 in Earth Magic
 18033 | Lair:2   | Reached skill level 10 in Fire Magic
 18484 | Lair:3   | Reached ***** piety under Vehumet
 18595 | Lair:3   | Noticed a four-headed hydra
 18630 | Lair:3   | Offered knowledge of Bolt of Fire by Vehumet.
 18652 | Lair:3   | Learned a level 6 spell: Bolt of Fire
 18723 | Lair:3   | Killed a four-headed hydra
 18865 | Lair:4   | Found a staircase to the Snake Pit.
 18897 | Lair:4   | Found a dark tunnel.
 18936 | Volcano  | Entered a volcano
 18939 | Volcano  | Noticed a two-headed ogre
 18943 | Volcano  | Noticed a two-headed ogre
 18945 | Volcano  | Noticed a two-headed ogre
 18945 | Volcano  | Noticed a two-headed ogre
 18946 | Volcano  | Killed a two-headed ogre
 18946 | Volcano  | Reached skill level 14 in Spellcasting
 18946 | Volcano  | Noticed a two-headed ogre
 18946 | Volcano  | Noticed a two-headed ogre
 18947 | Volcano  | Killed a two-headed ogre
 18948 | Volcano  | Noticed a red draconian
 18969 | Lair:4   | Killed a two-headed ogre
 18969 | Lair:4   | Killed a two-headed ogre
 19256 | Lair:4   | Got a dazzling leather armour
 19518 | Lair:4   | Noticed a five-headed hydra
 19520 | Lair:4   | Killed a five-headed hydra
 19633 | Lair:4   | Noticed Josephine
 19637 | Lair:4   | Killed Josephine
 19656 | Lair:3   | Reached XP level 13. HP: 60/64 MP: 4/33
 19965 | Lair:4   | Identified the +3 leather armour "Wul Zaxa" {rElec Int+3}
                  | (You found it on level 4 of the Lair of Beasts)
 20240 | Lair:5   | Noticed Urug
 20265 | Lair:5   | Killed Urug
 20361 | Lair:5   | Reached skill level 15 in Spellcasting
 20460 | Lair:5   | Got a shimmering spear
 20461 | Lair:5   | Identified the +9 spear of Osal {vamp, rElec rC+ MR+} (You
                  | found it on level 5 of the Lair of Beasts)
 21072 | Lair:5   | Found a staircase to the Slime Pits.
 21723 | Lair:5   | Reached skill level 5 in Dodging
 21798 | Lair:5   | Offered knowledge of Spellforged Servitor by Vehumet.
 22063 | Lair:6   | Entered Level 6 of the Lair of Beasts
 22073 | Lair:6   | Got a brightly glowing rapier
 22074 | Lair:6   | Identified the +9 rapier of Gravity {drain, rPois rC+
                  | Stlth+} (You found it on level 6 of the Lair of Beasts)
 22761 | Lair:6   | Reached skill level 16 in Spellcasting
 23108 | Lair:6   | Found a burning altar of Makhleb.
 23325 | Lair:6   | Found a gateway to Hell.
 23332 | Lair:6   | Identified the Papyrus of Doomed Bewitchment
 23337 | Lair:6   | Reached skill level 1 in Staves
 23337 | Lair:6   | Reached skill level 1 in Throwing
 23337 | Lair:6   | Reached XP level 14. HP: 70/70 MP: 36/36
 23445 | Lair:6   | Reached XP level 15. HP: 74/74 MP: 31/37
 24087 | Lair:6   | Reached skill level 17 in Spellcasting
 25024 | Orc:1    | Entered Level 1 of the Orcish Mines
 25024 | Orc:1    | Found a flagged portal.
 25024 | Orc:1    | Found Amismitu's Weapon Boutique.
 25222 | Orc:1    | Offered knowledge of Bolt of Draining by Vehumet.
 25248 | Bailey   | Entered a bailey
 25546 | Bailey   | Identified the +1 plate armour of Weirdness {-Tele Slay+5}
 25623 | Bailey   | Identified the +9 rapier of Oriomul {venom, Str+4}
 26063 | Orc:1    | Upgraded the game from 0.24.0-35-gdb84b6a5db to
                  | 0.24.0-37-gcf1ca852f1
 26610 | Orc:2    | Entered Level 2 of the Orcish Mines
 26803 | Orc:2    | Found Wyicoomu's Antique Armour Emporium.
 26830 | Orc:2    | Bought a runed cloak for 195 gold pieces
 26914 | Orc:2    | Offered knowledge of Bolt of Magma by Vehumet.
 26945 | Orc:2    | Learned a level 5 spell: Bolt of Magma
 27253 | Orc:2    | Found Geklycex's Antique Armour Shop.
 27253 | Orc:2    | Found Yruih's Book Shoppe.
 27457 | Orc:2    | Bought a book of Annihilations for 1435 gold pieces
 27466 | Orc:2    | Found a roughly hewn altar of Beogh.
 27706 | Orc:2    | Found Elabryri's Antique Armour Shop.
 27706 | Orc:2    | Found Tihyrifo's Antique Weapon Shoppe.
 27707 | Orc:2    | Found a staircase to the Elven Halls.
 27778 | Orc:2    | Bought a pair of transparent boots for 247 gold pieces
 27788 | Orc:2    | Identified the +1 pair of boots "Miemm" {rElec rN+ Str+2}
                  | (You bought it in a shop on level 2 of the Orcish Mines)
 28520 | D:12     | Noticed Nergalle
 28523 | D:12     | Killed Nergalle
 28882 | D:12     | Offered knowledge of Iron Shot by Vehumet.
 28882 | D:12     | Reached skill level 18 in Spellcasting
 28890 | D:12     | Learned a level 6 spell: Iron Shot
 29498 | D:12     | Noticed Fannar
 29500 | D:12     | Killed Fannar
 29994 | D:13     | Reached skill level 5 in Air Magic
 30052 | D:13     | Noticed Rupert
 30057 | D:13     | Killed Rupert
 30136 | D:13     | Found a sparkling altar of Nemelex Xobeh.
 30677 | D:13     | Found a gate to the Vaults.
 31500 | D:14     | Reached skill level 19 in Spellcasting
 31500 | D:14     | Reached XP level 16. HP: 80/80 MP: 27/41
 31849 | D:15     | Entered Level 15 of the Dungeon
 32007 | D:15     | Offered knowledge of Ozocubu's Refrigeration by Vehumet.
 32131 | D:15     | Reached ****** piety under Vehumet
 32401 | D:15     | Found a hide-covered altar of Uskayaw.
 32638 | D:15     | Found a staircase to the Depths.
 33065 | Elf:1    | Entered Level 1 of the Elven Halls
 33110 | Elf:1    | Reached skill level 15 in Conjurations
 33423 | Elf:1    | Found the +6 shillelagh "Devastator" {shatter}
 33779 | Elf:1    | Found Oqaczeni's Distillery.
 33826 | Elf:1    | Found Maoqafiuv's Magic Scroll Shop.
 33829 | Elf:1    | Found Iwepnil's Armour Boutique.
 33829 | Elf:1    | Found Daimitun's Armour Shop.
 33834 | Elf:1    | Bought a scroll of identify for 34 gold pieces
 33834 | Elf:1    | Found Midostrotz's Antique Weapon Boutique.
 34753 | Elf:1    | Reached skill level 20 in Spellcasting
 34926 | Elf:1    | Offered knowledge of Bolt of Cold by Vehumet.
 34934 | Elf:1    | Learned a level 6 spell: Bolt of Cold
 34956 | Elf:1    | Found a runed translucent gate.
 34956 | Elf:1    | Found a runed translucent gate.
 34956 | Elf:1    | Found a runed translucent gate.
 34956 | Elf:1    | Found a runed translucent gate.
 34956 | Elf:1    | Found a runed translucent gate.
 34957 | Elf:1    | Found a runed translucent gate.
 34960 | Elf:1    | Noticed a storm dragon
 34960 | Elf:1    | Noticed a storm dragon
 35311 | Elf:1    | Identified Roxanne's Grimoire of Earth
 35311 | Elf:1    | Noticed Roxanne
 35319 | Elf:1    | Killed Roxanne
 35804 | Elf:2    | Found Xulot's Magic Scroll Shop.
 35808 | Elf:2    | Bought a scroll of amnesia for 66 gold pieces
 35808 | Elf:2    | Bought a scroll of identify for 38 gold pieces
 36145 | Elf:2    | Identified the +6 long sword of Nemelex Xobeh's Hatred
                  | {pain, +Inv +Fly rC- Str+4}
 36329 | Elf:2    | Found a runed translucent gate.
 36329 | Elf:2    | Found a runed translucent gate.
 36330 | Elf:2    | Found a runed translucent gate.
 36629 | Elf:2    | Reached XP level 17. HP: 84/84 MP: 36/43
 36684 | Elf:2    | HP: 2/84 [deep elf mage/shard of ice (34)]
 36684 | Elf:2    | Mangled by a +1 halberd of protection

Levels and vault maps discovered:
D:1:      dpeg_arrival_circle_labyrinth_c, layout_basic, grunt_decor_arrowhead
D:2:      layout_rooms, lemuel_coloured_pillars_altar, first_ration,
          minmay_octomino_e4
D:3:      layout_loops_ring, old_standard_altar, dancing_weapons_uskayaw,
          fiery_altar_vehumet, uniq_crazy_yiuf_cottage
D:4:      layout_basic, grunt_temple_overflow_bloody_war,
          minmay_temple_entry_overgrown
D:5:      layout_loops_ring, lemuel_zombie_altar_yredelemnul
D:6:      layout_cave_pools, serial_shops, shop_fountains,
          ebering_ghost_rock_garden, uniq_blork_the_orc
D:7:      layout_gridville, nemelex_xobeh_ov_fountains_minmay,
          grunt_gozag_breadcrumbs, kb_rosetta
D:8:      layout_basic, lemuel_doored_altar, nicolae_overflow_hidden_temple,
          old_standard_altar, grunt_livestock, minmay_hollow_rounded_squares
D:9:      layout_basic, basic_altar, serial_shops, shop_statue,
          cheibriados_altar_1
D:10:     layout_long_grid, david_lair_generic, orc_0_dummy, basic_altar,
          due_unseen_surprise
D:11:     minmay_the_grid_triangle_9x9_recursive_2_mashed
          [minmay_the_grid_triangle_9x9_prize_schism,
          minmay_the_grid_triangle_9x9_corrupted_corridor,
          minmay_the_grid_triangle_9x9_cache,
          minmay_the_grid_triangle_9x9_corruption], layout_grid_maze,
          minmay_fountain_box
D:12:     layout_stronghold, kennysheep_generic_room_12, uniq_fannar,
          uniq_nergalle
D:13:     layout_cave_pools, david_vaults_1, nemelex_diamond_rough_becter,
          uniq_rupert
D:14:     layout_roguey, small_statue_intersection, kennysheep_potato
D:15:     grunt_enter_depths_giant_problem, layout_gridville, basic_altar,
          hangedman_abyss_or_decor_stagger
Temple:   zaba_magenta_temple
Lair:1:   layout_regular_city, ebering_ghost_disaster_area,
          hangedman_lair_generics_rect
Lair:2:   layout_gridlike, minmay_swamp_entry_wisps
Lair:3:   layout_misc_corridors
Lair:4:   layout_long_grid, guppyfry_snake_entry_garden,
          nicolae_volcano_entry_two_sided, uniq_josephine
Lair:5:   layout_loops_ring, nicolae_slime_entry_slimehenge, special_room
          [special_room_bee], uniq_urug
Lair:6:   evil_forest, layout_cave_pods, special_room
          [special_room_mythical_zoo], minmay_lair_oklob_chamber
Orc:1:    layout_caves, serial_shops, shop, enter_bailey_6
Orc:2:    st_orc_town, layout_diamond_mine, serial_shops, shop
Elf:1:    minmay_roctagon, layout_gridlike, serial_shops, shop, orc_legates,
          due_unseen_surprise, minmay_shoptagon, uniq_roxanne
Elf:2:    layout_geoelf_octagon, serial_shops, shop_scrolls

Skill      XL: |  1  2  3  4  5  6  7  8  9 10 11 12 13 14 15 16 |
---------------+-------------------------------------------------+-----
Fire Magic     | 4 5 6 7 8 9 10 11 13 14 | 14.2
Spellcasting   | 4 5 6 8 10 11 12 14 16 19 20 | 20.9
Conjurations   | 2 3 4 5 7 8 9 10 11 13 14 15 | 15.7
Air Magic      | 1 2 3 4 5 |  5.3
Poison Magic   | 1 2 4 7 |  7.6
Dodging        | 3 4 5 |  5.6
Stealth        | 3 4 5 6 |  6.4
Evocations     | 2 |  2.7
Short Blades   | 1 2 |  2.7
Ice Magic      | 1 5 6 |  6.3
Earth Magic    | 2 4 6 7 8 |  8.1
Fighting       | 1 |  1.8
Staves         | 1 |  1.0
Throwing       | 1 |  1.3
Polearms       | |  0.7
Armour         | |  0.8
Unarmed Combat | |  0.8

Action                   |  1- 3 |  4- 6 |  7- 9 | 10-12 | 13-15 | 16-18 || total
-------------------------+-------+-------+-------+-------+-------+-------++-------
Melee: Short sword       |     2 |       |       |    17 |     2 |       ||    21
       Dagger            |       |       |    21 |       |       |       ||    21
       Rapier            |       |       |       |       |     6 |       ||     6
       Spear             |       |       |       |       |     1 |       ||     1
 Cast: Flame Tongue      |    64 |    71 |    97 |    39 |    31 |     3 ||   305
       Throw Flame       |    11 |    30 |   100 |   131 |   424 |    73 ||   769
       Magic Dart        |       |    50 |    25 |    15 |       |     5 ||    95
       Mephitic Cloud    |       |     2 |     4 |       |       |       ||     6
       Fireball          |       |       |    20 |    67 |    68 |    16 ||   171
       Sticky Flame      |       |       |    15 |    42 |    42 |    11 ||   110
       Freeze            |       |       |     3 |       |       |       ||     3
       Throw Frost       |       |       |     6 |    27 |    33 |     8 ||    74
       Stone Arrow       |       |       |       |    49 |    43 |       ||    92
       Airstrike         |       |       |       |    15 |    35 |     9 ||    59
       Lee's Rapid Decon |       |       |       |     4 |     2 |    10 ||    16
       Bolt of Fire      |       |       |       |    13 |   137 |   106 ||   256
       Bolt of Magma     |       |       |       |       |     7 |     3 ||    10
       Iron Shot         |       |       |       |       |     2 |    21 ||    23
       Bolt of Cold      |       |       |       |       |       |     1 ||     1
Evoke: Wand              |       |       |       |     2 |       |       ||     2
  Use: Scroll            |     1 |    13 |     9 |    14 |    13 |     5 ||    55
       Potion            |       |       |       |     4 |     1 |     1 ||     6
 Stab: Invisible         |       |       |       |     2 |       |       ||     2
  Eat: Chunk             |     3 |     7 |    16 |    31 |    37 |    12 ||   106
       Ration            |       |     1 |     2 |     3 |     5 |     2 ||    13
Armor: Robe              |    12 |    13 |    19 |    30 |    32 |    19 ||   125
Dodge: Dodged            |    45 |    61 |    61 |    74 |    86 |    20 ||   347
